Map: Honorgrounds LE

Players

Railgan - Winner!

  • Race: Zerg Zerg
  • League: Grandmaster
  • Spawn Location: 5:00

Neuro

  • Race: Zerg Zerg
  • League: Master
  • Spawn Location: 1:00

VOD

Have the link to the VOD?

Description

Time

  • Played on: March 20, 2017, 5:10 p.m.
  • Length: 14:43
Show
View Real Time Build Order
Export as new Build Order

Railgan Zerg - Winner!

Build Orders: Hatch First 

Get SALT Encoding   

  12  0:01  Drone  
  13  0:13  Overlord  
  13  0:18  Drone  
  14  0:31  Drone x2  
  16  0:36  Drone  
  17  0:55  Drone  
  18  0:57  Hatchery  
  18  0:58  Drone  
  18  1:09  Extractor  
  17  1:14  Spawning Pool  
  17  1:16  Drone  
  17  1:19  Drone  
  18  1:28  Drone  
  19  1:40  Overlord  
  19  1:59  Drone  
  20  2:02  Queen  
  20  2:03  Zergling x2  
  23  2:10  Drone, Queen  
  23  2:13  Drone, Metabolic Boost  
  27  2:20  Drone  
  28  2:23  Drone  
  29  2:32  Zergling x2  
  30  2:37  Baneling Nest  
  30  2:38  Zergling x2, Queen  
  30  2:42  Overlord  
  32  2:44  Drone  
  33  2:54  Drone x2  
  35  3:00  Spore Crawler  
  35  3:03  Drone  
  35  3:06  Drone  
  35  3:11  Drone x2  
  39  3:16  Roach Warren, Zergling x2  
  39  3:20  Drone x2  
  39  3:24  Overlord  
  39  3:26  Baneling  
  41  3:28  Baneling  
  41  3:31  Drone  
  41  3:34  Drone  
  43  3:36  Extractor  
  43  3:37  Zergling x4  
  43  3:38  Baneling x2  
  44  3:41  Baneling x3  
  44  3:43  Zergling x2  
  44  3:47  Overlord  
  45  3:50  Zergling x4  
  47  3:58  Roach x2  
  51  4:05  Overlord, Queen  
  53  4:17  Roach x2  
  53  4:19  Roach  
  53  4:20  Overlord  
  59  4:28  Drone  
  59  4:29  Drone x3  
  59  4:37  Drone x2  
  61  4:40  Zergling x2  
  61  4:41  Zergling x2  
  63  4:48  Zergling x6  
  64  5:00  Drone  
  64  5:01  Drone  
  64  5:05  Zergling x6  
  69  5:09  Lair  
  69  5:14  Overlord  
  69  5:16  Baneling x2  
  69  5:17  Baneling  
  69  5:21  Roach  
  66  5:36  Roach  
  66  5:37  Roach x4, Zergling x2  
  76  5:49  Roach x4  
  78  5:50  Zergling x2  
  78  5:55  Drone  
  78  5:56  Drone  
  74  6:06  Drone x2  
  74  6:07  Glial Reconstitution  
  74  6:10  Extractor  
  75  6:12  Roach  
  75  6:14  Baneling  
  75  6:17  Drone x2  
  75  6:18  Drone  
  80  6:19  Drone  
  81  6:29  Roach  
  81  6:30  Overlord  
  83  6:39  Overlord  
  81  6:40  Overlord  
  81  6:48  Overlord  
  81  6:51  Roach x4  
  81  6:53  Drone  
  90  6:54  Drone, Hatchery  
  90  6:59  Evolution Chamber  
  89  7:04  Roach  
  89  7:05  Roach  
  89  7:06  Roach  
  95  7:20  Roach x4  
  95  7:21  Hatchery  
  102  7:25  Zerg Missile Weapons Level 1  
  102  7:31  Roach x3  
  102  7:36  Roach  
  106  7:37  Roach  
  106  7:38  Roach  
  96  7:48  Roach  
  96  7:49  Roach x3  
  98  7:54  Roach  
  98  7:55  Roach  
  98  8:00  Roach x2  
  98  8:01  Roach  
  104  8:07  Roach x2  
  90  8:23  Drone x4  
  90  8:29  Roach  
  90  8:30  Roach x4  
  90  8:31  Overseer  
  90  8:33  Drone, Roach  
  103  8:39  Drone x2  
  105  8:47  Extractor  
  104  8:50  Roach x2  
  104  8:51  Roach  
  110  8:57  Roach  
  110  8:58  Roach  
  110  9:00  Ravager x2  
  110  9:01  Roach  
  118  9:05  Roach  
  120  9:12  Roach  
  120  9:15  Overlord x2  
  122  9:22  Roach  
  116  9:24  Roach  
  116  9:25  Roach x3  
  116  9:26  Overlord, Roach  
  116  9:28  Roach  
  116  9:30  Roach  
  113  9:38  Roach x3  
  119  9:43  Roach x2  
  119  9:45  Drone x2  
  125  9:47  Roach  
  127  9:58  Drone x3, Zerg Missile Weapons Level 2  
  130  10:09  Roach x5  
  140  10:15  Roach x3  
  140  10:18  Extractor, Overlord  
  140  10:21  Ravager  
  140  10:30  Roach x2  
  140  10:33  Roach x3  
  126  10:37  Roach  
  126  10:38  Roach  
  126  10:39  Roach  
  117  10:44  Roach  
  117  10:45  Roach  
  117  10:46  Roach  
  123  10:58  Drone x2  
  123  10:59  Roach x5  
  135  11:10  Extractor  
  117  11:14  Roach  
  117  11:15  Roach x6  
  129  11:22  Roach x3  
  135  11:32  Drone x2  
  137  11:33  Drone  
  137  11:39  Roach  
  140  11:40  Ravager  
  140  11:41  Ravager  
  140  11:42  Ravager  
  140  11:46  Hatchery, Roach x3  
  148  11:51  Overlord  
  150  11:54  Roach x2  
  150  12:01  Roach  
  152  12:10  Roach x5  
  152  12:12  Overlord  
  162  12:17  Overlord  
  162  12:20  Overlord  
  162  12:24  Overlord  
  162  12:29  Zerg Ground Armor Level 1  
  162  12:32  Ravager  
  162  12:33  Ravager, Roach  
  162  12:34  Roach x2  
  170  12:37  Overlord  
  170  12:45  Roach x5  
  170  12:51  Drone x3  
  183  12:52  Drone  
  183  12:55  Overlord  
  184  12:59  Roach  
  186  13:10  Roach  
  188  13:18  Roach x8  
  168  13:23  Roach  
  168  13:24  Roach  
  168  13:27  Roach  
  154  13:29  Roach  
  154  13:35  Roach x2  
  154  13:36  Roach  
  154  13:37  Roach  
  154  13:41  Roach x2  
  164  14:04  Roach x9  
  164  14:05  Roach x2  
  164  14:07  Overseer  
  164  14:09  Roach  
  188  14:10  Roach  
  186  14:23  Roach  
  176  14:24  Roach x5  
Show
View Real Time Build Order
Export as new Build Order

Neuro Zerg 

Build Orders: Hatch First 

Get SALT Encoding   

  12  0:01  Drone  
  13  0:13  Overlord  
  13  0:17  Drone  
  14  0:31  Drone x2  
  16  0:35  Drone  
  17  0:53  Hatchery  
  17  0:56  Drone  
  17  0:59  Drone  
  18  1:11  Extractor  
  18  1:15  Spawning Pool  
  18  1:18  Drone  
  17  1:21  Drone  
  18  1:30  Drone  
  19  1:42  Overlord  
  19  1:52  Drone  
  20  2:01  Queen  
  20  2:03  Zergling x2  
  20  2:05  Queen  
  20  2:06  Zergling x2  
  26  2:11  Metabolic Boost  
  26  2:15  Drone  
  27  2:16  Drone  
  28  2:25  Drone  
  30  2:30  Drone  
  30  2:32  Baneling Nest  
  30  2:33  Drone  
  30  2:47  Overlord x2  
  30  2:50  Drone  
  31  3:00  Drone x2  
  33  3:09  Evolution Chamber  
  33  3:10  Zergling x10  
  35  3:23  Zergling x6  
  35  3:24  Zergling x2  
  39  3:51  Baneling x2  
  39  3:52  Baneling x2  
  39  3:59  Drone x10  
  49  4:12  Hatchery  
  47  4:20  Drone x4  
  50  4:25  Roach Warren, Zerg Missile Weapons Level 1  
  50  4:26  Extractor  
  50  4:27  Extractor  
  45  4:33  Drone x4  
  49  4:38  Lair  
  49  4:47  Zergling x6  
  49  4:52  Overlord x2  
  47  5:02  Overlord x3  
  47  5:06  Baneling x2  
  47  5:08  Roach x2  
  47  5:13  Roach x2  
  55  5:19  Roach x2  
  59  5:25  Roach x2  
  62  5:30  Roach x2  
  64  5:37  Roach x3  
  70  5:49  Roach x3  
  72  5:54  Roach x2  
  68  5:57  Zergling x2  
  68  5:59  Queen  
  68  6:00  Queen  
  71  6:05  Zergling x4  
  73  6:14  Glial Reconstitution  
  74  6:18  Ravager  
  74  6:19  Zergling x4  
  76  6:35  Roach x2  
  76  6:36  Roach  
  80  6:44  Hatchery  
  79  6:47  Overlord x2  
  79  6:48  Zerg Missile Weapons Level 2  
  79  6:58  Roach x2  
  83  7:04  Drone x2  
  85  7:16  Roach x3  
  85  7:17  Roach x2  
  85  7:18  Ravager  
  96  7:27  Overlord x2  
  96  7:28  Queen  
  81  7:44  Roach x3  
  81  7:45  Roach  
  81  7:50  Roach x4  
  83  7:58  Roach  
  83  7:59  Roach x3  
  83  8:04  Roach  
  87  8:13  Roach  
  87  8:14  Roach x2  
  85  8:20  Roach  
  85  8:21  Ravager  
  83  8:28  Roach x5  
  83  8:34  Roach x3  
  99  8:36  Roach  
  99  8:38  Drone x5  
  99  8:40  Extractor  
  105  8:46  Roach  
  105  8:47  Roach, Unknown  
  109  8:55  Roach x2  
  113  8:59  Roach x2  
  117  9:06  Roach x3  
  123  9:15  Roach x3  
  127  9:19  Overlord x2  
  119  9:30  Roach x5  
  109  9:35  Roach x2  
  107  9:38  Drone  
  107  9:39  Drone x2  
  107  9:44  Roach x3  
  114  9:54  Roach x3  
  114  9:58  Ravager  
  121  10:01  Drone x4  
  121  10:05  Roach x4  
  135  10:14  Roach x4  
  135  10:18  Roach  
  135  10:29  Roach x3  
  135  10:34  Roach  
  135  10:35  Roach x4  
  127  10:40  Roach  
  127  10:41  Roach  
  106  10:46  Roach  
  106  10:47  Roach x2  
  100  10:51  Roach x2  
  100  10:54  Roach  
  106  10:58  Roach x2  
  106  11:03  Extractor  
  109  11:06  Roach x4  
  107  11:12  Roach  
  107  11:13  Roach x2, Zergling x6  
  116  11:21  Roach x2  
  120  11:28  Roach x4  
  128  11:36  Overlord  
  128  11:37  Overlord, Roach  
  128  11:38  Roach x3  
  138  11:47  Roach x4  
  146  11:54  Roach  
  146  12:01  Roach x3  
  135  12:16  Roach x6  
  135  12:17  Roach x3  
  135  12:18  Extractor  
  152  12:23  Roach  
  152  12:27  Overlord x3  
  154  12:47  Ravager x2  
  154  12:48  Ravager x4  
  154  12:50  Roach x3  
  166  12:57  Hatchery  
  165  13:16  Roach  
  165  13:17  Roach x9  
  153  13:20  Roach x2  
  153  13:25  Roach x2  
  128  13:31  Roach x2  
  118  13:38  Roach  
  118  13:39  Roach x2  
  119  13:42  Ravager, Overseer  
  115  13:51  Ravager x3  
  115  13:52  Roach x7  
  133  14:06  Roach x4  
  133  14:07  Roach  
  143  14:21  Roach x3  
Tags
 
Add a new tag
Caveats
  • Supply blocks, unpowered buildings, or Contaminate may cause inaccurate times.
  • Supply counts are checked every 10 seconds.